[Event "Saturday 13 January Rapid Engine Tour 12+1 Rounds 9 Starts 1600 ST"]
[Site "Infinity Chess"]
[Date "2018.1.13"]
[Round "1"]
[White "RonWeasley"]
[Black "Deep_Impact"]
[Result "1/2-1/2"]
[ECO "C55"]
[WhiteElo "2434"]
[BlackElo "2501"]
[WhiteEngine "BrainFish 060118_CTG"]
[BlackEngine "BrainFish_171226_x64_modern"]
[EventType "Swiss"]
[WhiteTeam ""]
[BlackTeam ""]
[PlyCount "169"]
[TimeControl "720+1"]

1. e4 e5 2. Nf3 Nc6 3. Bc4 Nf6 4. d3 Bc5 5. c3 d6 6. Bb3 a5 7. O-O h6 8. Re1 O-O 
9. h3 Bd7 10. d4 Ba7 11. Be3 Re8 12. Nbd2 exd4 13. Nxd4 Ne5 14. Bc2 c5 
15. N4f3 Ng6 16. Nc4 Nxe4 17. Nxd6 Nxd6 18. Qxd6 Bc6 19. Qxd8 Raxd8 20. Rad1 b6 
21. Bxg6 fxg6 22. Rxd8 Rxd8 23. Ne5 Be8 24. h4 a4 25. Bf4 Bb8 26. b3 axb3 
27. axb3 Bd6 28. g4 Bxe5 29. Bxe5 Bc6 30. Re3 Rd1+ 31. Kh2 b5 32. Bc7 g5 
33. hxg5 hxg5 34. f3 c4 35. bxc4 bxc4 36. Kg3 Kf7 37. Bb6 g6 38. Re5 Rd3 
39. Re3 Kf6 40. Bd4+ Kf7 41. Kf2 Bd5 42. Kg2 Rd2+ 43. Kf1 Rd1+ 44. Ke2 Rd3 
45. Bc5 Bc6 46. Ba3 Bd5 47. Bc1 Kf6 48. Bd2 Kf7 49. Be1 Bc6 50. Bg3 Kf6 
51. Kf2 Rd2+ 52. Re2 Rd1 53. Re3 Rd3 54. Be5+ Kf7 55. Ke2 Ke6 56. Bh8+ Kf7 
57. Bd4 Ba8 58. Be5 Bb7 59. Bc7 Bc6 60. Bg3 Kg7 61. Bf2 Kf6 62. Bg1 Bb7 
63. Bf2 Kf7 64. Bg3 Bd5 65. Be1 Bc6 66. Bd2 Bb7 67. Bc1 Bd5 68. Bb2 Bc6 
69. Bc1 Kf6 70. Ba3 Kf7 71. Kf2 Rd2+ 72. Ke1 Rd3 73. Ke2 Bd5 74. Bb4 Bc6 
75. Bc5 Bd5 76. Bb6 Bc6 77. Bd4 Bd5 78. Be5 Bc6 79. Kf2 Rd2+ 80. Ke1 Rd3 
81. Kf2 Ke6 82. Bh8+ Kf7 83. Bd4 Rd2+ 84. Re2 Rd3 85. Re3 1/2-1/2

[Event "Saturday 13 January Rapid Engine Tour 12+1 Rounds 9 Starts 1600 ST"]
[Site "Infinity Chess"]
[Date "2018.1.13"]
[Round "1"]
[White "xeonrocks"]
[Black "neófito"]
[Result "1/2-1/2"]
[ECO "C55"]
[WhiteElo "2528"]
[BlackElo "2435"]
[WhiteEngine "asmFishW_bmi2.exe_CTG"]
[BlackEngine "BrainFish_180106_x64_bmi2_CTG"]
[EventType "Swiss"]
[WhiteTeam ""]
[BlackTeam ""]
[PlyCount "37"]
[TimeControl "720+1"]

1. e4 e5 2. Nf3 Nc6 3. Bc4 Nf6 4. d3 Bc5 5. O-O O-O 6. c3 d6 7. Re1 a5 
8. Nbd2 Be6 9. Bb5 Qb8 10. Nf1 Qa7 11. Be3 Qb6 12. a4 Bxe3 13. Nxe3 Ng4 
14. Rb1 Nxe3 15. Rxe3 Ba2 16. Ra1 Be6 17. Rb1 Ba2 18. Ra1 Be6 19. Rb1 1/2-1/2

[Event "Saturday 20 January Rapid Engine Tour 12+1 Rounds 9 Starts 1600 ST"]
[Site "Infinity Chess"]
[Date "2018.1.20"]
[Round "9"]
[White "Gilgamesch"]
[Black "Satria_Ungu"]
[Result "1/2-1/2"]
[ECO "C55"]
[WhiteElo "2469"]
[BlackElo "2417"]
[WhiteEngine "BrainFish_171005_x64_bmi2"]
[BlackEngine "Houdini 6_CTG"]
[EventType "Swiss"]
[WhiteTeam ""]
[BlackTeam ""]
[PlyCount "107"]
[TimeControl "720+1"]

1. e4 e5 2. Nf3 Nc6 3. Bc4 Nf6 4. d3 Bc5 5. Bb3 O-O 6. Nbd2 d6 7. c3 Bb6 
8. h3 h6 9. O-O a5 10. Re1 Be6 11. Ba4 Ne7 12. Bc2 Ng6 13. d4 c6 14. Nf1 Re8 
15. Bd2 Qd7 16. Be3 Bc7 17. a4 Rad8 18. Ng3 Qe7 19. Qb1 Nd7 20. b4 d5 
21. bxa5 Bxa5 22. Bd2 dxe4 23. Bxe4 Ndf8 24. Qc2 exd4 25. Nxd4 Ne5 26. Nxe6 Qxe6 
27. Rab1 Qc4 28. Re2 b5 29. axb5 cxb5 30. Qb2 Rb8 31. Qc2 Red8 32. Be3 Bxc3 
33. Ba7 Rbc8 34. Bb7 Rc7 35. Bb6 Rd2 36. Rxd2 Bxd2 37. Qxc4 Rxc4 38. Rxb5 Rc1+ 
39. Nf1 Nc4 40. Bd5 Nxb6 41. Rxb6 Ba5 42. Rb5 Bd8 43. Rb7 Rc7 44. Rxc7 Bxc7 
45. Ne3 g6 46. g4 Kg7 47. Kg2 Kf6 48. Kf3 Ne6 49. Bxe6 Kxe6 50. Ke4 Bb6 
51. f4 Bxe3 52. Kxe3 f5 53. gxf5+ gxf5 54. Kd2 1/2-1/2

[Event "Saturday 20 January Rapid Engine Tour 12+1 Rounds 9 Starts 1600 ST"]
[Site "Infinity Chess"]
[Date "2018.1.20"]
[Round "9"]
[White "Thinker"]
[Black "neófito"]
[Result "1/2-1/2"]
[ECO "C55"]
[WhiteElo "2426"]
[BlackElo "2403"]
[WhiteEngine "BrainFish_180113_x64_modern_CTG"]
[BlackEngine "asmFishW_2018-01-12_bmi2"]
[EventType "Swiss"]
[WhiteTeam ""]
[BlackTeam ""]
[PlyCount "110"]
[TimeControl "720+1"]

1. e4 e5 2. Nf3 Nc6 3. Bc4 Nf6 4. d3 Bc5 5. c3 d6 6. O-O a5 7. h3 Ba7 8. a4 O-O 
9. Re1 h6 10. Nbd2 Be6 11. Bxe6 fxe6 12. Nc4 Qd7 13. Be3 Bxe3 14. Rxe3 b6 
15. Rc1 Rf7 16. Nh4 g5 17. Nf3 Raf8 18. d4 exd4 19. cxd4 Nb4 20. Nh2 Na2 
21. Rb1 Nb4 22. b3 Qe8 23. Rc1 Rd7 24. e5 Nfd5 25. Rg3 Qg6 26. exd6 cxd6 
27. h4 Nf4 28. hxg5 hxg5 29. Nf3 Qh6 30. Nxg5 Rg7 31. Rcc3 Nh5 32. Nxd6 Nd5 
33. Ngf7 Rfxf7 34. Nxf7 Kxf7 35. Rxg7+ Nxg7 36. Rc8 Qg5 37. Rb8 Nf5 38. Rb7+ Kf6 
39. g3 Nxg3 40. fxg3 Qxg3+ 41. Kh1 Ne3 42. Qe2 Qh4+ 43. Kg1 Qg3+ 44. Kh1 b5 
45. axb5 Qh3+ 46. Kg1 Qg3+ 47. Kh1 a4 48. Rh7 Ng4 49. Rh8 Kg7 50. Qg2 Qe1+ 
51. Qg1 Qe4+ 52. Qg2 Qb1+ 53. Qg1 Qe4+ 54. Qg2 Qb1+ 55. Qg1 Qe4+ 1/2-1/2

[Event "Saturday 20 January Rapid Engine Tour 12+1 Rounds 9 Starts 1600 ST"]
[Site "Infinity Chess"]
[Date "2018.1.20"]
[Round "9"]
[White "MarioDeMonti"]
[Black "tris77"]
[Result "1-0"]
[ECO "B90"]
[WhiteElo "2435"]
[BlackElo "2336"]
[WhiteEngine "stockfish_x64_bmi2_2018_01_13_CTG"]
[BlackEngine "Raubfisch ME262_GTZ16b2_CTG"]
[EventType "Swiss"]
[WhiteTeam ""]
[BlackTeam ""]
[PlyCount "157"]
[TimeControl "720+1"]

1. e4 c5 2. Nf3 d6 3. d4 cxd4 4. Nxd4 Nf6 5. Nc3 a6 6. Be3 e5 7. Nb3 Be6 
8. f3 Be7 9. Qd2 O-O 10. O-O-O Nbd7 11. g4 b5 12. g5 Nh5 13. Kb1 Nb6 
14. Nd5 Nxd5 15. exd5 Bf5 16. Na5 f6 17. h4 Ng3 18. Nc6 Qd7 19. Rg1 Nxf1 
20. Rdxf1 Bg6 21. Rf2 Rae8 22. Qa5 Ra8 23. Qb4 f5 24. f4 Rfe8 25. Qd2 Bf8 
26. Qe2 Qf7 27. Qd3 e4 28. Qb3 Qb7 29. Rd2 Bh5 30. c4 Rec8 31. a4 b4 32. Nd4 Qd7 
33. a5 Rab8 34. Ne6 Be8 35. g6 h6 36. h5 Qa4 37. Qxa4 Bxa4 38. Rc1 Bd7 
39. b3 Be7 40. Bb6 Rb7 41. Bd4 Bf8 42. Kc2 Be7 43. Kd1 Bf8 44. Bb6 Be7 
45. Ke2 Bf6 46. c5 Bb5+ 47. Ke3 Re7 48. Rdd1 Bb2 49. Rc2 Bc3 50. cxd6 Rd7 
51. Bc7 Kh8 52. Rcc1 Kg8 53. Nc5 Rcxc7 54. dxc7 Rxc7 55. Ne6 Rd7 56. Nd4 Rd6 
57. Nxf5 Rd8 58. Ne7+ Kf8 59. d6 Ke8 60. Nd5 Rb8 61. Nxc3 bxc3 62. Rxc3 Kd8 
63. Rd4 Bf1 64. f5 Bb5 65. Rxe4 Kd7 66. Re6 Bc6 67. Re7+ Kxd6 68. Re6+ Kd7 
69. Rexc6 Rb5 70. f6 gxf6 71. g7 Re5+ 72. Kf4 Rg5 73. Rc8 f5 74. g8=Q Rxg8 
75. Rxg8 Kd6 76. Rd8+ Ke7 77. Kxf5 Kxd8 78. Ke6 Ke8 79. Rc8# 1-0

[Event "Saturday 20 January Rapid Engine Tour 12+1 Rounds 9 Starts 1600 ST"]
[Site "Infinity Chess"]
[Date "2018.1.20"]
[Round "9"]
[White "OlivierEvan"]
[Black "Dovahkiin"]
[Result "1-0"]
[ECO "B90"]
[WhiteElo "2359"]
[BlackElo "2443"]
[WhiteEngine "Houdini 6"]
[BlackEngine "BrainFish_180113_x64_modern_CTG"]
[EventType "Swiss"]
[WhiteTeam ""]
[BlackTeam ""]
[PlyCount "229"]
[TimeControl "720+1"]

1. e4 c5 2. Nf3 d6 3. d4 cxd4 4. Nxd4 Nf6 5. Nc3 a6 6. Be3 e5 7. Nb3 Be6 
8. f3 h5 9. Qd2 Nbd7 10. Nd5 Bxd5 11. exd5 g6 12. Be2 Bg7 13. Na5 Rb8 14. O-O e4 
15. f4 Ng4 16. Bxg4 hxg4 17. Rab1 Rh5 18. b4 Kf8 19. c4 Kg8 20. b5 axb5 
21. Rxb5 Nc5 22. g3 Rc8 23. h4 gxh3 24. Kh2 Qf6 25. Qe2 Bf8 26. Nb3 Nxb3 
27. axb3 Qe7 28. Ra1 Rh7 29. Ra7 f5 30. Qa2 Qf6 31. Qa1 Qxa1 32. Rxa1 Rb8 
33. Ra7 Rd7 34. Kxh3 Kg7 35. g4 Kf7 36. g5 Bg7 37. Kg2 Bc3 38. Rb6 Ke8 
39. Kf1 Bg7 40. Kf2 Bc3 41. Ke2 Bg7 42. b4 Bf8 43. Kd2 Bg7 44. Bf2 Bb2 
45. Kc2 Bg7 46. Kb3 Kf8 47. c5 dxc5 48. Bxc5+ Kg8 49. Kc4 Kh8 50. Rxg6 e3 
51. Ra5 Rc8 52. Re6 Bf8 53. Ra3 b5+ 54. Kxb5 Rxd5 55. Rc3 Kg8 56. Rexe3 Rd1 
57. Bxf8 Rxf8 58. Re6 Rfd8 59. Rec6 Rb8+ 60. Rb6 Rbd8 61. Ka6 Ra1+ 62. Kb7 Rda8 
63. Rc8+ Rxc8 64. Kxc8 Kg7 65. Kd7 Rd1+ 66. Ke6 Rc1 67. Kxf5 Rc7 68. Ke6 Rc1 
69. f5 Re1+ 70. Kd6 Rd1+ 71. Ke7 Re1+ 72. Re6 Rf1 73. Rg6+ Kh7 74. Kf7 Rxf5+ 
75. Rf6 Rxg5 76. Rf4 Rg7+ 77. Ke6 Rg5 78. Rf5 Rg3 79. b5 Kg6 80. Rf6+ Kg5 
81. b6 Re3+ 82. Kf7 Re5 83. Rc6 Kf5 84. b7 Rb5 85. Rc5+ Rxc5 86. b8=Q Ke4 
87. Ke7 Kd4 88. Qf4+ Kd3 89. Kd6 Rc3 90. Kd5 Ke2 91. Qe4+ Kf2 92. Kd4 Rg3 
93. Qf4+ Kg2 94. Ke4 Kh2 95. Qe5 Kg2 96. Kf4 Rf3+ 97. Kg4 Rf2 98. Qe1 Rf8 
99. Qe4+ Kf2 100. Qe5 Kf1 101. Kg3 Rg8+ 102. Kh3 Kf2 103. Qb2+ Ke1 104. Qa1+ Kd2 
105. Qa2+ Ke3 106. Qxg8 Kd4 107. Qa2 Kc5 108. Qa5+ Kd6 109. Qb5 Ke7 110. Qc6 Kf8 
111. Qb7 Ke8 112. Kg4 Kf8 113. Kf5 Kg8 114. Kf6 Kh8 115. Qg7# 1-0

[Event "Saturday 20 January Rapid Engine Tour 12+1 Rounds 9 Starts 1600 ST"]
[Site "Infinity Chess"]
[Date "2018.1.20"]
[Round "9"]
[White "KULLANI"]
[Black "BraveDevil"]
[Result "1/2-1/2"]
[ECO "A46"]
[WhiteElo "2441"]
[BlackElo "2382"]
[WhiteEngine "BrainFish_180113_x64_CTG"]
[BlackEngine "Cryptic AIL V1"]
[EventType "Swiss"]
[WhiteTeam ""]
[BlackTeam ""]
[PlyCount "92"]
[TimeControl "720+1"]

1. d4 Nf6 2. Nf3 d5 3. e3 Bf5 4. c4 e6 5. Nc3 Nc6 6. Be2 h6 7. O-O Be7 8. b3 Ne4 
9. Bb2 Nxc3 10. Bxc3 O-O 11. Bd3 Bxd3 12. Qxd3 a5 13. Rfd1 Qd7 14. a4 Rfd8 
15. e4 b6 16. Rac1 Rac8 17. Qe2 Bf6 18. g3 dxe4 19. Qxe4 Qd6 20. Rd2 Ne7 
21. Rcd1 Nf5 22. Kg2 c6 23. Ne5 Qc7 24. Ng4 Be7 25. Rd3 Rd6 26. h4 Rcd8 
27. Qe2 Qb7 28. Kh2 h5 29. Ne3 Nxe3 30. fxe3 e5 31. dxe5 Rxd3 32. Rxd3 Rxd3 
33. Qxd3 Qc8 34. Qe4 Qd7 35. e6 Qd1 36. exf7+ Kxf7 37. Bd4 c5 38. Qf5+ Kg8 
39. Qe6+ Kh7 40. Qxe7 Qe2+ 41. Kg1 Qe1+ 42. Kh2 Qe2+ 43. Kg1 Qe1+ 44. Kh2 Qf2+ 
45. Kh3 Qf1+ 46. Kh2 Qe2+ 1/2-1/2

[Event "Saturday 20 January Rapid Engine Tour 12+1 Rounds 9 Starts 1600 ST"]
[Site "Infinity Chess"]
[Date "2018.1.20"]
[Round "9"]
[White "incredible"]
[Black "Cepri"]
[Result "1/2-1/2"]
[ECO "D30"]
[WhiteElo "2447"]
[BlackElo "2438"]
[WhiteEngine "Stockfish_x64_bmi2"]
[BlackEngine "asmFishW_12J18Mb_CTG"]
[EventType "Swiss"]
[WhiteTeam ""]
[BlackTeam ""]
[PlyCount "67"]
[TimeControl "720+1"]

1. d4 d5 2. c4 e6 3. Nf3 Nf6 4. Nc3 c6 5. e3 Nbd7 6. Qc2 Bd6 7. Bd3 O-O 
8. O-O dxc4 9. Bxc4 b5 10. Bd3 Bb7 11. a3 h6 12. Bd2 a5 13. h3 Rc8 14. b4 axb4 
15. axb4 Bxb4 16. Ne4 Bxd2 17. Nfxd2 Ra8 18. Rxa8 Qxa8 19. Qb2 Qd8 20. Ra1 Qb6 
21. Qb4 Rd8 22. Qd6 Nd5 23. Nb3 N7f6 24. Nxf6+ Nxf6 25. Qg3 Ne8 26. Ra2 Ra8 
27. Rxa8 Bxa8 28. Nc5 Qd8 29. Qf3 Nf6 30. Qf4 Nd5 31. Qe4 Nf6 32. Qf4 Nd5 
33. Qe4 Nf6 34. Qf4 1/2-1/2

[Event "Saturday 20 January Rapid Engine Tour 12+1 Rounds 9 Starts 1600 ST"]
[Site "Infinity Chess"]
[Date "2018.1.20"]
[Round "9"]
[White "NINJA_JENGKA"]
[Black "Susanne"]
[Result "1/2-1/2"]
[ECO "A06"]
[WhiteElo "2455"]
[BlackElo "2470"]
[WhiteEngine "Houdini 6_CTG"]
[BlackEngine "asmFishW_2018-01-12_bmi2_CTG"]
[EventType "Swiss"]
[WhiteTeam ""]
[BlackTeam ""]
[PlyCount "96"]
[TimeControl "720+1"]

1. Nf3 d5 2. d4 Nf6 3. c4 e6 4. Nc3 c6 5. e3 Nbd7 6. Qc2 Bd6 7. Bd3 dxc4 
8. Bxc4 b5 9. Be2 O-O 10. O-O a6 11. e4 e5 12. Be3 Re8 13. Rad1 Qc7 14. h3 exd4 
15. Nxd4 b4 16. Na4 c5 17. Nf5 Bh2+ 18. Kh1 Nxe4 19. g3 Ndf6 20. Nh6+ gxh6 
21. Kxh2 Bf5 22. Bd3 Rac8 23. b3 Qc6 24. Nxc5 Ng5 25. Bxg5 Bxh3 26. Kxh3 hxg5 
27. Rfe1 Rxe1 28. Rxe1 g4+ 29. Kh2 Qxc5 30. Qd2 Rc6 31. Qf4 Rd6 32. Bc4 h6 
33. Re5 Qd4 34. Qf5 Kf8 35. Kg2 Rc6 36. Bd3 Kg7 37. Re7 Kf8 38. Re5 Qb6 
39. Qf4 Kg7 40. Bc4 Rc7 41. Kg1 a5 42. Rb5 Qc6 43. Rxa5 Rd7 44. Be2 Re7 
45. Re5 Rxe5 46. Qxe5 Qc1+ 47. Kg2 Qc6+ 48. Kg1 Qe6 1/2-1/2

[Event "Saturday 20 January Rapid Engine Tour 12+1 Rounds 9 Starts 1600 ST"]
[Site "Infinity Chess"]
[Date "2018.1.20"]
[Round "9"]
[White "hafaba"]
[Black "RonWeasley"]
[Result "1/2-1/2"]
[ECO "A46"]
[WhiteElo "2452"]
[BlackElo "2477"]
[WhiteEngine "Stockfish SL FA POPCNT_CTG"]
[BlackEngine "BrainFish 130117_CTG"]
[EventType "Swiss"]
[WhiteTeam ""]
[BlackTeam ""]
[PlyCount "82"]
[TimeControl "720+1"]

1. d4 Nf6 2. Nf3 d5 3. c4 e6 4. Nc3 c6 5. e3 Nbd7 6. Bd3 dxc4 7. Bxc4 b5 
8. Be2 Bb7 9. O-O a6 10. e4 c5 11. e5 Nd5 12. a4 b4 13. Nxd5 Bxd5 14. Be3 Be7 
15. Rc1 Qa5 16. Bc4 Bxc4 17. Rxc4 Nb6 18. Rc1 Qxa4 19. b3 Qd7 20. dxc5 Qxd1 
21. Rfxd1 Nd5 22. Rc4 a5 23. g3 Kd7 24. Bg5 Kc7 25. Bxe7 Nxe7 26. Rd6 Nf5 
27. Nd4 Nxd6 28. cxd6+ Kb6 29. Rc6+ Kb7 30. Rc7+ Kb6 31. Rc6+ Kb7 32. Rc7+ Kb6 
33. Rxf7 a4 34. bxa4 Ra5 35. Rc7 Rxe5 36. a5+ Rxa5 37. Rc6+ Kb7 38. Rc7+ Ka6 
39. Rc6+ Kb7 40. Rc7+ Ka6 41. Rc6+ Kb7 1/2-1/2

[Event "Saturday 20 January Rapid Engine Tour 12+1 Rounds 9 Starts 1600 ST"]
[Site "Infinity Chess"]
[Date "2018.1.20"]
[Round "9"]
[White "Marsell"]
[Black "angriff"]
[Result "1/2-1/2"]
[ECO "B00"]
[WhiteElo "2479"]
[BlackElo "2465"]
[WhiteEngine "asmFishW_2018-01-11_popcnt"]
[BlackEngine "Raubfisch ME262_GTZ16b2_CTG"]
[EventType "Swiss"]
[WhiteTeam ""]
[BlackTeam ""]
[PlyCount "78"]
[TimeControl "720+1"]

1. e4 Nc6 2. d4 d5 3. e5 Bf5 4. c3 e6 5. Nd2 f6 6. Ngf3 fxe5 7. Nxe5 Nxe5 
8. dxe5 c6 9. Nf3 Bc5 10. Nd4 Bxd4 11. cxd4 Ne7 12. Be2 c5 13. dxc5 Qa5+ 
14. Qd2 Qxc5 15. b4 Qc2 16. Bb2 O-O 17. Qxc2 Bxc2 18. Rc1 Rac8 19. g3 Be4 
20. O-O Bf3 21. Rxc8 Nxc8 22. Bd3 Nb6 23. Rc1 Nc4 24. Bxc4 dxc4 25. Rxc4 Rd8 
26. Rd4 Rc8 27. Rd2 g5 28. a3 Kf7 29. h3 h5 30. Kf1 g4 31. hxg4 hxg4 
32. Rd7+ Kg6 33. Ke1 Rc2 34. Rd2 Rc8 35. a4 Rc4 36. Rd4 Rc2 37. Rd2 Rc4 
38. Rd4 Rc2 39. Rd2 Rc4 1/2-1/2

[Event "Saturday 20 January Rapid Engine Tour 12+1 Rounds 9 Starts 1600 ST"]
[Site "Infinity Chess"]
[Date "2018.1.20"]
[Round "9"]
[White "Neoxium"]
[Black "Eman"]
[Result "1/2-1/2"]
[ECO "D30"]
[WhiteElo "2486"]
[BlackElo "2467"]
[WhiteEngine "SF SL FA-IDeA"]
[BlackEngine "Eman 1.64b 64-bit POPCNT"]
[EventType "Swiss"]
[WhiteTeam ""]
[BlackTeam ""]
[PlyCount "132"]
[TimeControl "720+1"]

1. d4 d5 2. c4 e6 3. Nf3 Nf6 4. cxd5 exd5 5. Bf4 Be7 6. Nc3 Nh5 7. Bd2 O-O 
8. e3 Nf6 9. Bd3 b6 10. O-O Bb7 11. Qc2 c5 12. dxc5 bxc5 13. b3 Na6 14. a3 Nc7 
15. e4 dxe4 16. Nxe4 Nxe4 17. Bxe4 Bxe4 18. Qxe4 Bf6 19. Rad1 Qe7 20. Qxe7 Bxe7 
21. Be3 Ne6 22. Rd7 Bf6 23. g3 Rfb8 24. Nd2 Rd8 25. Rxd8+ Rxd8 26. Rb1 Bd4 
27. Nf3 Bxe3 28. fxe3 Rd3 29. Kf2 Kf8 30. Ke2 c4 31. bxc4 Rxa3 32. Rb5 a6 
33. Rb8+ Ke7 34. Rb7+ Kf6 35. Rb6 a5 36. Ra6 a4 37. h4 g6 38. Ng5 h6 
39. Nxe6 fxe6 40. g4 Ke5 41. Kd2 g5 42. hxg5 hxg5 43. Ke2 Ra1 44. Kd3 a3 
45. Ra5+ Kf6 46. Kc3 a2 47. Kc2 Rg1 48. Rxa2 Rxg4 49. Kc3 Rg3 50. Kd4 g4 
51. c5 Rg1 52. e4 e5+ 53. Kd5 Rd1+ 54. Kc4 Rc1+ 55. Kd5 g3 56. c6 Rd1+ 
57. Kc4 Rc1+ 58. Kd5 Rd1+ 59. Kc4 Rb1 60. Rc2 Ke7 61. Kd3 Kd8 62. Rg2 Ra1 
63. c7+ Kxc7 64. Kc4 Ra3 65. Kd5 Kd7 66. Kxe5 Ra5+ 1/2-1/2

[Event "Saturday 20 January Rapid Engine Tour 12+1 Rounds 9 Starts 1600 ST"]
[Site "Infinity Chess"]
[Date "2018.1.20"]
[Round "9"]
[White "Murx"]
[Black "Harry_Potter"]
[Result "1/2-1/2"]
[ECO "A20"]
[WhiteElo "2497"]
[BlackElo "2481"]
[WhiteEngine "BrainFish_180113_x64_modern"]
[BlackEngine "BrainFish_180113_x64_bmi2_CTG"]
[EventType "Swiss"]
[WhiteTeam ""]
[BlackTeam ""]
[PlyCount "109"]
[TimeControl "720+1"]

1. c4 e5 2. g3 Nf6 3. Bg2 d5 4. cxd5 Nxd5 5. Nc3 Nb6 6. e3 Nc6 7. Nge2 h5 
8. O-O h4 9. d4 hxg3 10. fxg3 Bg4 11. Qb3 Qd7 12. dxe5 Be6 13. Qc2 O-O-O 
14. b3 Nd5 15. Nxd5 Bxd5 16. e4 Be6 17. Bg5 Qd3 18. Qxd3 Rxd3 19. Rac1 Ba3 
20. Rc2 Rd7 21. Nf4 Bg4 22. e6 fxe6 23. Ng6 Re8 24. Kh1 e5 25. Rcf2 b5 
26. Rf7 Rxf7 27. Rxf7 Rg8 28. Ne7+ Nxe7 29. Bxe7 Bb2 30. h4 Be6 31. Rf8+ Rxf8 
32. Bxf8 g6 33. Bf1 c6 34. Bc5 Bd4 35. Bxd4 exd4 36. Kg2 a5 37. Kf3 Kd7 
38. Bd3 a4 39. bxa4 bxa4 40. a3 c5 41. e5 Bd5+ 42. Kf4 c4 43. Bc2 d3 
44. Bxa4+ Ke6 45. Ke3 Kxe5 46. Bb5 Kf5 47. a4 Kg4 48. a5 Kxg3 49. a6 Kxh4 
50. a7 g5 51. Bxc4 d2 52. Bxd5 d1=Q 53. a8=Q Qc1+ 54. Kd4 Qd2+ 55. Kc5 1/2-1/2

[Event "Saturday 20 January Rapid Engine Tour 12+1 Rounds 9 Starts 1600 ST"]
[Site "Infinity Chess"]
[Date "2018.1.20"]
[Round "9"]
[White "SkyPilot"]
[Black "Deep_Impact"]
[Result "1/2-1/2"]
[ECO "C55"]
[WhiteElo "2463"]
[BlackElo "2523"]
[WhiteEngine "stockfish_x64_bmi2_2018_01_13_CTG"]
[BlackEngine "BrainFish_180113_x64_modern"]
[EventType "Swiss"]
[WhiteTeam ""]
[BlackTeam ""]
[PlyCount "115"]
[TimeControl "720+1"]

1. e4 e5 2. Nf3 Nc6 3. Bc4 Nf6 4. d3 Bc5 5. c3 d6 6. O-O a5 7. Re1 h6 8. h3 O-O 
9. Nbd2 Be6 10. Bb5 Qb8 11. Nf1 Qa7 12. Re2 a4 13. Ng3 Qa5 14. Bxc6 bxc6 
15. Nh4 Rfe8 16. Re1 d5 17. exd5 cxd5 18. Rxe5 Bf8 19. Qc2 c5 20. Re2 Qa6 
21. Be3 Bd7 22. a3 Bb5 23. Rd2 d4 24. cxd4 Rac8 25. Qd1 Nd5 26. Nf1 Nxe3 
27. Nxe3 cxd4 28. Nc4 g6 29. Nf3 Bg7 30. Rc1 Bxc4 31. Rxc4 Rxc4 32. dxc4 Qxc4 
33. Nxd4 h5 34. Ne2 Kh7 35. g3 h4 36. Qc2 Qb5 37. gxh4 Bf6 38. Kg2 Bxh4 
39. Nc3 Qb7+ 40. Nd5 Bg5 41. Rd3 Re5 42. Qc7 Qxc7 43. Nxc7 Re2 44. b4 axb3 
45. Rxb3 Be7 46. a4 Bc5 47. Rf3 f5 48. h4 Kh6 49. a5 Bd6 50. Nb5 Bf8 51. h5 Ra2 
52. a6 Kxh5 53. Nd4 Rxa6 54. Nxf5 gxf5 55. Rxf5+ Kg4 56. Rxf8 Ra1 57. f3+ Kg5 
58. Rg8+ 1/2-1/2

[Event "Saturday 20 January Rapid Engine Tour 12+1 Rounds 9 Starts 1600 ST"]
[Site "Infinity Chess"]
[Date "2018.1.20"]
[Round "8"]
[White "Cepri"]
[Black "OlivierEvan"]
[Result "1-0"]
[ECO "C55"]
[WhiteElo "2424"]
[BlackElo "2373"]
[WhiteEngine "asmFishW_12J18Mb_CTG"]
[BlackEngine "Houdini 6"]
[EventType "Swiss"]
[WhiteTeam ""]
[BlackTeam ""]
[PlyCount "116"]
[TimeControl "720+1"]

1. e4 e5 2. Nf3 Nc6 3. Bc4 Nf6 4. d3 Bc5 5. O-O d6 6. c3 O-O 7. h3 a6 8. Re1 Ba7 
9. Bb3 h6 10. Nbd2 Re8 11. a4 Be6 12. Bxe6 Rxe6 13. b4 d5 14. Qc2 d4 
15. Bb2 dxc3 16. Bxc3 a5 17. b5 Nb4 18. Bxb4 axb4 19. Nc4 Nd7 20. a5 Bc5 
21. Reb1 Bf8 22. Rd1 Qe8 23. Ne3 c6 24. b6 Nc5 25. Qb2 Na6 26. Nc4 f6 
27. Nfd2 Rd8 28. Qc2 Re7 29. Nb3 Red7 30. Nb2 Qe7 31. Rac1 Kh8 32. Re1 g6 
33. d4 exd4 34. Nd3 Qg7 35. e5 fxe5 36. Rxe5 Re7 37. Rxe7 Qxe7 38. Nf4 d3 
39. Qc4 Qf6 40. Nxd3 Rd5 41. Kf1 g5 42. Qe4 Qe7 43. Qxe7 Bxe7 44. Ke2 Kg7 
45. Rc4 Kf7 46. Re4 h5 47. g4 hxg4 48. hxg4 Bd6 49. Kd2 c5 50. Kc2 Nb8 
51. Nd2 Nc6 52. Nc4 Bb8 53. Re3 Nd4+ 54. Kb2 Nb5 55. Nde5+ Kg7 56. a6 bxa6 
57. Nc6 Na3 58. Kb3 Bh2 1-0

[Event "Saturday 20 January Rapid Engine Tour 12+1 Rounds 9 Starts 1600 ST"]
[Site "Infinity Chess"]
[Date "2018.1.20"]
[Round "8"]
[White "tris77"]
[Black "incredible"]
[Result "0-1"]
[ECO "C65"]
[WhiteElo "2349"]
[BlackElo "2434"]
[WhiteEngine "Raubfisch ME262_GTZ16b2_CTG"]
[BlackEngine "Stockfish_x64_bmi2"]
[EventType "Swiss"]
[WhiteTeam ""]
[BlackTeam ""]
[PlyCount "216"]
[TimeControl "720+1"]

1. e4 e5 2. Nf3 Nc6 3. Bb5 Nf6 4. O-O Nxe4 5. d4 Nd6 6. Bxc6 dxc6 7. dxe5 Nf5 
8. Qxd8+ Kxd8 9. Nc3 Bd7 10. Rd1 Kc8 11. Ng5 Be8 12. Rd3 b6 13. g4 Ne7 
14. Be3 Ng6 15. f4 Be7 16. Nge4 h5 17. gxh5 Rxh5 18. Ng3 Rh8 19. a4 a5 
20. Rad1 Kb7 21. Nf5 Bb4 22. Rd8 Rxd8 23. Rxd8 Be7 24. Nxe7 Nxe7 25. Bf2 c5 
26. h4 Nc6 27. Rd2 Ne7 28. Rd8 Nc6 29. Rd2 Rh6 30. Nd5 Nb4 31. b3 Nxd5 
32. Rxd5 Bc6 33. Rd2 c4 34. Bg3 Kc8 35. f5 cxb3 36. cxb3 Be4 37. f6 gxf6 
38. exf6 Bf5 39. Kg2 Be6 40. Rd3 Rxf6 41. Bf2 Bf5 42. Rc3 c5 43. Kg3 Bg6 
44. Be3 Rd6 45. Bf4 Rd4 46. Be3 Rd5 47. Bf2 Kb7 48. Re3 Rd2 49. Rf3 Bh5 
50. Rf5 Rd3+ 51. Kg2 Bg6 52. Re5 Rxb3 53. h5 Bd3 54. Re7+ Kc6 55. Rxf7 c4 
56. Rf6+ Kb7 57. Rf7+ Ka6 58. h6 Be4+ 59. Kf1 c3 60. Ke2 c2 61. Rc7 Rh3 
62. Be3 Rh2+ 63. Kf1 Bd3+ 64. Kg1 Re2 65. Bg5 Re5 66. Bd2 Re2 67. Bg5 Re5 
68. Bd2 Re4 69. Rc3 Re2 70. Bg5 Be4 71. Kf1 Rh2 72. Bf4 Rh1+ 73. Kf2 Ra1 
74. Rc4 Bd3 75. h7 Bxh7 76. Be3 Rh1 77. Rc6 Rb1 78. Rc7 Rb3 79. Bc1 Rh3 
80. Ke2 Bf5 81. Rf7 Rh1 82. Rxf5 Rxc1 83. Kd3 Rb1 84. Kxc2 Rb4 85. Rg5 Rxa4 
86. Kc3 Rh4 87. Rg1 a4 88. Kb2 b5 89. Rg8 Ka5 90. Rg6 Rh2+ 91. Kc3 b4+ 
92. Kc4 Rc2+ 93. Kd3 b3 94. Rg5+ Kb4 95. Rg4+ Ka3 96. Rd4 Rc1 97. Ke2 b2 
98. Rd3+ Kb4 99. Rd4+ Kc5 100. Rd8 b1=Q 101. Rc8+ Kd6 102. Rxc1 Qxc1 
103. Kf3 Qf1+ 104. Kg4 a3 105. Kh5 a2 106. Kg4 a1=Q 107. Kh5 Qf5+ 108. Kh6 Qaf6# 
0-1

[Event "Saturday 20 January Rapid Engine Tour 12+1 Rounds 9 Starts 1600 ST"]
[Site "Infinity Chess"]
[Date "2018.1.20"]
[Round "8"]
[White "neófito"]
[Black "BraveDevil"]
[Result "1/2-1/2"]
[ECO "B90"]
[WhiteElo "2404"]
[BlackElo "2381"]
[WhiteEngine "asmFishW_2018-01-12_bmi2"]
[BlackEngine "Cryptic AIL V1"]
[EventType "Swiss"]
[WhiteTeam ""]
[BlackTeam ""]
[PlyCount "105"]
[TimeControl "720+1"]

1. e4 c5 2. Nf3 d6 3. d4 cxd4 4. Nxd4 Nf6 5. Nc3 a6 6. Be3 e5 7. Nb3 Be7 
8. Be2 Be6 9. Qd3 Nc6 10. a3 Rc8 11. Nd5 O-O 12. Rd1 Bxd5 13. exd5 Na5 
14. Nxa5 Qxa5+ 15. b4 Qa4 16. c4 e4 17. Qd4 Qxa3 18. O-O Qa4 19. h3 Rfe8 
20. Rb1 Nd7 21. Rfc1 Bf6 22. Qd2 Ne5 23. c5 h6 24. Bf1 Qd7 25. c6 Qe7 
26. Rd1 Bg5 27. Bxg5 hxg5 28. Re1 f5 29. cxb7 Qxb7 30. Qxg5 Nd3 31. Red1 Qxd5 
32. Qd2 Re5 33. Kh2 Qd4 34. Bxd3 exd3 35. Qxd3 Qxf2 36. Rf1 Qe2 37. Qxe2 Rxe2 
38. Rxf5 Rc6 39. Rbf1 Kh7 40. Rh5+ Kg8 41. Rd1 Rb2 42. Rd4 Rb6 43. Rhh4 d5 
44. Rhg4 Rb5 45. Kg3 Kh7 46. Rh4+ Kg6 47. Rdf4 Rb6 48. Rhg4+ Kh7 49. h4 Rb3+ 
50. Kf2 Rb2+ 51. Kg3 Rb3+ 52. Kf2 Rb2+ 53. Kg3 1/2-1/2